[Event "Titled Tuesday Blitz August 3 2021"]
[White "Ashiev, Eduard"]
[Black "Diaz Perez, Michel Alejandro"]
[WhiteFideId "4130090"]
[BlackFideId "3517179"]
[WhiteElo "2106"]
[BlackElo "2337"]
[Result "0-1"]
[Round "10"]
[TimeControl "180+1"]
[Date "2021.08.03"]
[WhiteClock "0:00:17"]
[BlackClock "0:01:19"]

1. d4 Nf6 2. Nf3 e6 3. c4 d5 4. Nc3 Nbd7 5. Bf4 dxc4 6. e3 b5 7. Nxb5 Bb4+ 8. Nc3 Nd5 9. Qc2 N7b6 10. a3 Nxc3 11. bxc3 Bd6 12. Be2 O-O 13. O-O Bxf4 14. exf4 Qd6 15. Qd2 c5 16. Ne5 Ba6 17. dxc5 Qxc5 18. Rfd1 Rac8 19. Bf3 g6 20. h4 h5 21. Be4 Kg7 22. Qd4 Qxd4 23. Rxd4 Rfd8 24. Rad1 Rxd4 25. Rxd4 Bb5 26. f3 Na4 27. g4 hxg4 28. fxg4 Nxc3 29. Bc2 Ne2+ 0-1


[Site "https://www.chess.com"]

[Event "Titled Tuesday Blitz August 3 2021"]
[White "Ataman, Alper Efe"]
[Black "Al-Tarboush, Ward"]
[WhiteFideId "6301606"]
[BlackFideId "7601450"]
[WhiteElo "2023"]
[BlackElo "2319"]
[Result "1-0"]
[Round "10"]
[TimeControl "180+1"]
[Date "2021.08.03"]
[WhiteClock "0:00:44"]
[BlackClock "0:00:10"]

1. d4 Nf6 2. c4 e6 3. Nc3 Bb4 4. g3 O-O 5. Bg2 d5 6. Nf3 dxc4 7. O-O c5 8. dxc5 Bxc3 9. bxc3 Qxd1 10. Rxd1 Nbd7 11. c6 bxc6 12. Nd4 Bb7 13. Ba3 Rfc8 14. Rab1 Nb6 15. Nb5 Nfd5 16. Nd6 Rc7 17. Rdc1 f5 18. Bc5 Rd8 19. a4 Rdd7 20. e4 fxe4 21. Bh3 Re7 22. Nxe4 Re8 23. Nd6 Rb8 24. Bxe6+ Kh8 25. Nf7+ Rxf7 26. Bxf7 1-0


[Site "https://www.chess.com"]

[Event "Titled Tuesday Blitz August 3 2021"]
[White "Begunov, Konstantin"]
[Black "Mekhitarian, Krikor Sevag"]
[WhiteFideId "4118510"]
[BlackFideId "2107660"]
[WhiteElo "2262"]
[BlackElo "2598"]
[Result "1-0"]
[Round "10"]
[TimeControl "180+1"]
[Date "2021.08.03"]
[WhiteClock "0:00:21"]
[BlackClock "0:00:17"]

1. d4 Nf6 2. c4 g6 3. f3 e6 4. e4 d5 5. cxd5 exd5 6. e5 Nh5 7. g3 c5 8. Ne2 Nc6 9. f4 cxd4 10. Nxd4 Bc5 11. Nxc6 bxc6 12. Qc2 Qb6 13. Nc3 Bf5 14. Bd3 Bxd3 15. Qxd3 O-O 16. Ke2 Qd8 17. Re1 Qf6 18. exf6 Nxf6 19. Kf1 Rfe8 20. Bd2 Ng4 21. Kg2 f5 22. Rxe8+ Rxe8 23. Re1 Rb8 24. b3 Nf6 25. Be3 Bb4 26. Bxa7 Ra8 27. Bd4 Ne4 28. Nxe4 fxe4 29. Qc2 c5 30. Bc3 Ba3 31. Be5 Bb4 32. Rd1 Rd8 33. Rxd5 Rxd5 34. Qc4 1-0


[Site "https://www.chess.com"]

[Event "Titled Tuesday Blitz August 3 2021"]
[White "Bluebaum, Matthias"]
[Black "Batsuren, Dambasuren"]
[WhiteFideId "24651516"]
[BlackFideId "4902920"]
[WhiteElo "2685"]
[BlackElo "2371"]
[Result "1-0"]
[Round "10"]
[TimeControl "180+1"]
[Date "2021.08.03"]
[WhiteClock "0:00:08"]
[BlackClock "0:00:02"]

1. d4 Nf6 2. c4 e6 3. Nc3 Bb4 4. e3 O-O 5. Bd2 b6 6. Bd3 Bb7 7. Nf3 Bxc3 8. Bxc3 Ne4 9. Bxe4 Bxe4 10. d5 f6 11. Nd2 Bg6 12. h4 h6 13. Qg4 Qe8 14. h5 Bf5 15. Qf3 Na6 16. b4 Bh7 17. a3 exd5 18. cxd5 c5 19. Qg3 d6 20. O-O Nc7 21. bxc5 Nxd5 22. Bb2 dxc5 23. e4 Ne7 24. Rfe1 Rd8 25. Nc4 Qxh5 26. Qc7 Qf7 27. Qxa7 Ra8 28. Qc7 Qxc4 29. Qxe7 Rae8 30. Qd6 Re6 31. Qc7 Bxe4 32. Rad1 Ba8 33. Rxe6 Qxe6 34. Rd7 Qg4 35. g3 Kh8 36. Qd6 Rg8 37. Bxf6 Qh5 38. Bxg7+ Kh7 39. Bf8+ 1-0


[Site "https://www.chess.com"]

[Event "Titled Tuesday Blitz August 3 2021"]
[White "Boraso, Alessio"]
[Black "Mitusov, Semen"]
[WhiteFideId "848077"]
[BlackFideId "14151049"]
[WhiteElo "2277"]
[BlackElo "2256"]
[Result "1/2-1/2"]
[Round "10"]
[TimeControl "180+1"]
[Date "2021.08.03"]
[WhiteClock "0:00:11"]
[BlackClock "0:00:47"]

1. g3 e5 2. Bg2 d5 3. c4 dxc4 4. Nf3 Nc6 5. Qa4 Bd6 6. Na3 Bd7 7. Nxc4 Nf6 8. Nxd6+ cxd6 9. d3 O-O 10. O-O h6 11. h3 Qe7 12. Be3 Nd4 13. Qd1 Nxf3+ 14. exf3 Bc6 15. f4 Bxg2 16. Kxg2 Rad8 17. Re1 Qe6 18. Qf3 Qd7 19. Bxa7 exf4 20. Bd4 Qf5 21. Bxf6 Qxf6 22. Qxf4 Qxb2 23. Rab1 Qxa2 24. Rxb7 Qd5+ 25. Qf3 Qxf3+ 26. Kxf3 Rfe8 27. Rxe8+ Rxe8 28. Rd7 Re6 29. h4 g6 30. g4 Kg7 31. g5 hxg5 32. hxg5 Re5 33. Rxd6 Rxg5 34. Ke4 Rg1 35. Ra6 f5+ 36. Ke5 Kh6 37. d4 Rf1 38. Ra2 Kg5 39. Rd2 Re1+ 40. Kd6 Kf4 41. d5 g5 42. Kc7 g4 43. d6 Kf3 44. d7 Re7 45. Kd6 Rxd7+ 46. Kxd7 f4 47. Ke6 g3 48. fxg3 fxg3 49. Kf5 g2 50. Rd3+ Ke2 51. Rg3 Kf2 52. Kf4 g1=Q 53. Rxg1 Kxg1 1/2-1/2


[Site "https://www.chess.com"]

[Event "Titled Tuesday Blitz August 3 2021"]
[White "Bures, Vit"]
[Black "Ljukin, Sergei"]
[WhiteFideId "309052"]
[BlackFideId "14102200"]
[WhiteElo "2131"]
[BlackElo "2309"]
[Result "0-1"]
[Round "10"]
[TimeControl "180+1"]
[Date "2021.08.03"]
[WhiteClock "0:00:04"]
[BlackClock "0:00:06"]

1. d4 d5 2. c4 c6 3. Nc3 Nf6 4. e3 e6 5. Nf3 Nbd7 6. Bd3 dxc4 7. Bxc4 b5 8. Bd3 a6 9. a4 Bb7 10. O-O Be7 11. e4 O-O 12. e5 Nd5 13. Nxd5 cxd5 14. axb5 axb5 15. Rxa8 Qxa8 16. Bxb5 Nb6 17. Bg5 Bxg5 18. Nxg5 h6 19. Nf3 Ba6 20. Qd3 Bxb5 21. Qxb5 Rb8 22. Qe2 Nc4 23. h3 Rxb2 24. Qd3 Qa2 25. h4 Rb3 26. Qd1 Qa3 27. h5 Rd3 28. Qb1 Rb3 29. Qd1 Nb2 30. Qe2 Nd3 31. Qc2 Rc3 32. Qb1 Rb3 33. Qa1 Nf4 34. Qd1 Nxh5 35. Nd2 Rd3 36. Qxh5 Rxd2 37. Rb1 Rb2 38. Rc1 Rb8 39. Rc7 Rf8 40. Qg4 Qa5 41. Rc1 Qd2 42. Rd1 Qb2 43. g3 Rc8 44. Kg2 Rc2 45. Qf3 Re2 46. Rd3 Qc2 47. Ra3 Qe4 48. Qxe4 Rxe4 49. Rd3 Re2 50. Kf3 Ra2 51. Ke3 Kh7 52. f4 Kg6 53. g4 Ra1 54. Kf3 Rf1+ 55. Kg3 Re1 56. Kf3 Re4 57. Kg3 h5 58. gxh5+ Kxh5 59. Rd1 Kg6 60. Kf3 Kf5 61. Kg3 Rxf4 62. Rh1 Rg4+ 63. Kf3 Rxd4 64. Ke3 Re4+ 65. Kf3 Kxe5 66. Rh5+ Kf6 67. Rh7 g6 68. Rh8 Re5 69. Kf4 d4 70. Kg4 Rd5 0-1


[Site "https://www.chess.com"]

[Event "Titled Tuesday Blitz August 3 2021"]
[White "Buscar, Michael"]
[Black "Ballester Llagaria, Luis Eduardo"]
[WhiteFideId "2603616"]
[BlackFideId "2297620"]
[WhiteElo "2010"]
[BlackElo "2344"]
[Result "0-1"]
[Round "10"]
[TimeControl "180+1"]
[Date "2021.08.03"]
[WhiteClock "0:00:01"]
[BlackClock "0:01:03"]

1. d4 d5 2. c4 dxc4 3. e3 Nf6 4. Bxc4 e6 5. Nc3 a6 6. Nf3 b5 7. Bd3 c5 8. O-O Bb7 9. a3 Nbd7 10. Qe2 Be7 11. Rd1 Qc7 12. e4 cxd4 13. Nxd4 Ne5 14. Bc2 Neg4 15. g3 Bc5 16. h3 Nxf2 17. Qxf2 e5 18. Be3 exd4 19. Bxd4 Bxd4 20. Rxd4 O-O 21. Nd5 Qe5 22. Nxf6+ gxf6 23. Rad1 Rac8 24. Bb1 Rc7 25. Qf4 Re8 26. Rd8 Re7 27. Qxe5 Rxe5 28. Rxe8+ Rxe8 29. Rd4 f5 30. Kf1 fxe4 31. Ke2 Bc8 32. g4 h5 33. Ke3 hxg4 34. hxg4 Bxg4 35. Rxe4 Be6 36. Kd4 Rc8 37. Re2 Kg7 38. Be4 Kf6 0-1


[Site "https://www.chess.com"]

[Event "Titled Tuesday Blitz August 3 2021"]
[White "Chen, Max"]
[Black "Hansen, Sune Berg"]
[WhiteFideId "2622440"]
[BlackFideId "1400266"]
[WhiteElo "2459"]
[BlackElo "2646"]
[Result "0-1"]
[Round "10"]
[TimeControl "180+1"]
[Date "2021.08.03"]
[WhiteClock "0:01:36"]
[BlackClock "0:01:21"]

1. e4 e5 2. Nf3 Nf6 3. Nxe5 d6 4. Nf3 Nxe4 5. d4 d5 6. Bd3 Bd6 7. O-O O-O 8. c4 c6 9. Nc3 Nxc3 10. bxc3 dxc4 11. Bxc4 Bf5 12. Bd3 Bxd3 13. Qxd3 Nd7 14. Bg5 Qc7 15. Rfe1 Rfe8 16. Bh4 b5 17. Bg3 Bxg3 18. hxg3 Nf6 19. Re5 Rad8 20. Rae1 Rxe5 21. Rxe5 a6 22. c4 g6 23. cxb5 cxb5 24. a4 Rb8 25. axb5 axb5 26. Rxb5 Qc1+ 27. Kh2 Ng4+ 28. Kh3 Nxf2+ 29. Kh4 Qh6+ 0-1


[Site "https://www.chess.com"]

[Event "Titled Tuesday Blitz August 3 2021"]
[White "Csonka, Balazs"]
[Black "Eternauta2400"]
[WhiteFideId "742910"]
[WhiteElo "2404"]
[BlackElo "2541"]
[Result "1-0"]
[Round "10"]
[TimeControl "180+1"]
[Date "2021.08.03"]
[WhiteClock "0:00:09"]
[BlackClock "0:00:19"]

1. d4 Nf6 2. Bg5 g6 3. Bxf6 exf6 4. e3 Bg7 5. g3 O-O 6. Bg2 f5 7. Ne2 c5 8. O-O cxd4 9. Nxd4 Nc6 10. c3 a6 11. Nd2 Rb8 12. a4 Qc7 13. Qb3 d6 14. Qc4 Bd7 15. Rfc1 Rfc8 16. Bd5 Be8 17. Qa2 Ne5 18. N2f3 Bc6 19. Rd1 Qe7 20. a5 Nd7 21. Nxc6 bxc6 22. Bc4 Ra8 23. Nd4 Nc5 24. Bf1 Kh8 25. Bg2 Ne4 26. Bxe4 fxe4 27. Rd2 h5 28. Rad1 h4 29. Ne2 d5 30. c4 Rd8 31. cxd5 cxd5 32. Rxd5 Rxd5 33. Qxd5 Rb8 34. gxh4 Rb5 35. Qd8+ Bf8 36. Qxe7 Bxe7 37. Nc3 Rxa5 38. Nxe4 Bxh4 39. Rd7 Kg8 40. Nd6 f5 41. Nc4 Ra1+ 42. Kg2 Rc1 43. Ne5 g5 44. Ng6 Rc2 45. Nxh4 gxh4 46. b4 Rb2 47. Rd4 h3+ 48. Kg3 Kf7 49. Rf4 Ke6 50. Kxh3 Ke5 51. Kg3 Rb1 52. Kg2 Rb2 53. Rd4 Ra2 54. h4 a5 55. bxa5 Rxa5 56. Rf4 Ra1 57. h5 Ra6 58. Rh4 Rh6 59. Kg3 Kf6 60. Kf4 Rh8 61. h6 Kg6 62. h7 Rxh7 63. Rxh7 Kxh7 64. Kg5 Kg7 65. f3 Kf7 66. Kxf5 Ke7 67. e4 Kf7 68. e5 Ke7 69. f4 Kf7 70. e6+ Ke7 71. Ke5 Kf8 72. f5 Ke7 73. f6+ Ke8 74. Kd6 Kf8 75. Kd7 1-0


[Site "https://www.chess.com"]

[Event "Titled Tuesday Blitz August 3 2021"]
[White "Daggupati, Balaji"]
[Black "Zhuravlev, Alexey"]
[WhiteFideId "2090759"]
[BlackFideId "4164199"]
[WhiteElo "2665"]
[BlackElo "2471"]
[Result "0-1"]
[Round "10"]
[TimeControl "180+1"]
[Date "2021.08.03"]
[WhiteClock "0:00:44"]
[BlackClock "0:00:25"]

1. e4 c6 2. Ne2 d5 3. e5 Bg4 4. d4 e6 5. h3 Bxe2 6. Bxe2 c5 7. c3 Nc6 8. O-O Nge7 9. f4 g6 10. dxc5 Nf5 11. Qe1 Bxc5+ 12. Kh2 h5 13. b4 Bb6 14. Na3 h4 15. Bd3 Nce7 16. c4 Bd4 17. Rb1 Ng3 18. Rf3 Nef5 19. cxd5 Qxd5 20. Nc4 Kf8 21. Nd2 Kg7 22. Ne4 Rhd8 23. a3 Rac8 24. Bb2 Be3 25. Nd6 Qxd3 26. Nxc8 Rxc8 27. Bc1 Qxb1 28. Bd2 Qxe1 29. Bxe1 Rc1 30. Bxg3 hxg3+ 31. Rxg3 Nxg3 32. Kxg3 Rc3 33. Kf3 Rxa3 34. Ke4 a5 35. g4 axb4 36. f5 exf5+ 37. gxf5 gxf5+ 38. Kxf5 b3 39. h4 b2 40. h5 b1=Q+ 41. Kg4 Qe4+ 42. Kh3 Bd4+ 43. Kh2 Qc2+ 44. Kh1 Ra1# 0-1


[Site "https://www.chess.com"]

[Event "Titled Tuesday Blitz August 3 2021"]
[White "Dang, Hoang Son"]
[Black "Damjanovic, Vladimir"]
[WhiteFideId "12402435"]
[BlackFideId "903795"]
[WhiteElo "2248"]
[BlackElo "2374"]
[Result "1-0"]
[Round "10"]
[TimeControl "180+1"]
[Date "2021.08.03"]
[WhiteClock "0:00:16"]
[BlackClock "0:00:12"]

1. d4 Nf6 2. c4 c5 3. Nf3 cxd4 4. Nxd4 b6 5. Nc3 Bb7 6. f3 e6 7. e4 Nc6 8. Be3 Be7 9. Be2 O-O 10. Qd2 Qb8 11. O-O-O Rc8 12. Nxc6 Bxc6 13. Kb1 a6 14. g4 b5 15. g5 Ne8 16. h4 bxc4 17. h5 Qb4 18. g6 Bf6 19. Nd5 Qxd2 20. Nxf6+ Nxf6 21. Bxd2 fxg6 22. hxg6 hxg6 23. Bc3 Kf7 24. Rhg1 d5 25. e5 Nd7 26. Rd4 Rh8 27. Rf4+ Kg8 28. Rxg6 Nf8 29. Rg1 Be8 30. Rfg4 Bg6+ 31. Rxg6 Nxg6 32. Rxg6 Rh1+ 33. Kc2 Kf7 34. Rg2 Rd8 35. Bd4 Rdh8 36. Bg1 R8h5 37. f4 R5h4 38. Be3 R1h3 39. Kd2 Rh8 40. Bd4 R3h4 41. Rf2 g6 42. b3 cxb3 43. axb3 Rb8 44. Kc2 Rh3 45. Bd3 Rc8+ 46. Kd2 Rh1 47. Rg2 Rg8 48. Bxa6 Ra8 49. Bd3 Ra2+ 50. Bc2 Rh4 51. Ke3 Rh3+ 52. Kd2 Rh4 53. Kc3 Rh3+ 54. Kb4 Rh6 55. Bxg6+ Rxg6 56. Rxa2 Rg4 57. Be3 Rg3 58. Re2 Kg6 59. Kc5 Kf5 60. b4 Ke4 61. b5 Kd3 62. Re1 Rg8 63. b6 Rb8 64. Kc6 d4 65. Bxd4 Kxd4 66. Kc7 Rg8 67. b7 Rg7+ 68. Kb6 Rg8 69. Ka7 Kd3 70. b8=Q Rxb8 71. Kxb8 Kd2 72. Rh1 Ke3 73. Rh4 Ke4 74. Kc7 Kf5 75. Kd6 Kg6 76. Kxe6 Kg7 77. f5 Kg8 78. f6 Kf8 79. Rh8# 1-0


[Site "https://www.chess.com"]

[Event "Titled Tuesday Blitz August 3 2021"]
[White "Dobre, Claudiu-Cristian"]
[Black "Sengupta, Deep"]
[WhiteFideId "1211854"]
[BlackFideId "5008352"]
[WhiteElo "2259"]
[BlackElo "2347"]
[Result "1/2-1/2"]
[Round "10"]
[TimeControl "180+1"]
[Date "2021.08.03"]
[WhiteClock "0:00:11"]
[BlackClock "0:00:19"]

1. c4 e6 2. Nc3 b6 3. d4 Bb7 4. f3 f5 5. g3 Nf6 6. Bg2 Bb4 7. e3 O-O 8. Ne2 Nc6 9. O-O Ne7 10. e4 fxe4 11. fxe4 e5 12. a3 Bxc3 13. Nxc3 Ng6 14. d5 d6 15. Bh3 Bc8 16. Be6+ Bxe6 17. dxe6 c6 18. Bg5 Qe7 19. Bxf6 gxf6 20. Qg4 Rae8 21. b4 Qxe6 22. Qxe6+ Rxe6 23. b5 Rc8 24. Rac1 Ne7 25. bxc6 Nxc6 26. Nd5 Kg7 27. Rf2 Nd4 28. Ne3 b5 29. Kg2 Re7 30. Rcf1 Rf7 31. cxb5 Rc3 32. Nd5 Rxa3 33. Nxf6 Kg6 34. h4 h5 35. g4 hxg4 36. h5+ Kg5 37. h6 Rh3 38. h7 Ne6 39. Rh1 Nf4+ 40. Rxf4 exf4 41. Rxh3 gxh3+ 42. Kxh3 Rxf6 43. h8=Q Rh6+ 44. Qxh6+ Kxh6 45. Kg4 Kg6 46. Kxf4 Kf6 47. Ke3 Ke6 48. Kd3 Ke5 49. Ke3 Kf6 50. Kd4 Ke6 51. Kc4 Ke5 52. Kd3 Kf6 53. Kd4 Ke6 54. Kd3 Ke5 55. Ke3 d5 56. exd5 Kxd5 57. Kd3 Kc5 58. Kc3 Kxb5 59. Kb3 a5 60. Ka3 a4 61. Ka2 Ka5 62. Ka3 Kb5 63. Ka2 Kb4 64. Kb2 a3+ 65. Ka2 Ka4 66. Ka1 Kb3 67. Kb1 a2+ 68. Ka1 Ka3 1/2-1/2


[Site "https://www.chess.com"]

[Event "Titled Tuesday Blitz August 3 2021"]
[White "Drogovoz, Irina"]
[Black "Filippova, Margarita"]
[WhiteFideId "4176715"]
[BlackFideId "34199680"]
[WhiteElo "2163"]
[BlackElo "1829"]
[Result "1-0"]
[Round "10"]
[TimeControl "180+1"]
[Date "2021.08.03"]
[WhiteClock "0:00:32"]
[BlackClock "0:00:18"]

1. Nf3 d5 2. g3 Nf6 3. Bg2 c6 4. O-O Bg4 5. d4 Nbd7 6. Ne5 Bf5 7. c4 e6 8. Nc3 Bd6 9. cxd5 exd5 10. Qb3 Qb6 11. Nxd7 Nxd7 12. Qd1 O-O 13. b3 Rfe8 14. e3 Nf6 15. Bd2 Qd8 16. h3 Qd7 17. Kh2 h5 18. Ne2 h4 19. Nf4 g6 20. Kg1 Bxf4 21. exf4 Bxh3 22. Re1 Bxg2 23. Kxg2 h3+ 24. Kg1 Kg7 25. f3 Rh8 26. Kh2 Rae8 27. Re5 Nh5 28. Qe1 f6 29. Rxe8 Rxe8 30. Qf1 Kf7 31. Re1 Rxe1 32. Qxe1 Ng7 33. g4 Ne6 34. Qh4 Qd6 35. Qh7+ Ng7 36. Kxh3 c5 37. f5 g5 38. Qg6+ Kf8 39. Bxg5 fxg5 40. Qxd6+ 1-0


[Site "https://www.chess.com"]

[Event "Titled Tuesday Blitz August 3 2021"]
[White "Efimenko, Maria"]
[Black "Leve, Nitai"]
[WhiteFideId "14124327"]
[BlackFideId "2006898"]
[WhiteElo "2207"]
[BlackElo "2144"]
[Result "0-1"]
[Round "10"]
[TimeControl "180+1"]
[Date "2021.08.03"]
[WhiteClock "0:00:07"]
[BlackClock "0:00:41"]

1. e4 e6 2. d4 d5 3. Nd2 Nf6 4. e5 Nfd7 5. f4 c5 6. Ngf3 Nc6 7. c3 Qb6 8. Nb3 f6 9. Be3 cxd4 10. Bxd4 Nxd4 11. Qxd4 fxe5 12. fxe5 Nc5 13. Nfd2 Be7 14. O-O-O O-O 15. Be2 a5 16. Rhf1 Bd7 17. Qg4 a4 18. Nxc5 Qxc5 19. a3 Qa5 20. Bd3 Bxa3 21. bxa3 Qxc3+ 22. Bc2 Rxf1 23. Nxf1 Rc8 24. Qe2 Qa1+ 25. Kd2 Rxc2+ 26. Kxc2 Qa2+ 27. Kd3 Bb5+ 28. Kd4 Qxe2 0-1


[Site "https://www.chess.com"]

[Event "Titled Tuesday Blitz August 3 2021"]
[White "Ezat, Mohamed"]
[Black "Navalgund, Niranjan"]
[WhiteFideId "10600906"]
[BlackFideId "5030854"]
[WhiteElo "2414"]
[BlackElo "2290"]
[Result "1-0"]
[Round "10"]
[TimeControl "180+1"]
[Date "2021.08.03"]
[WhiteClock "0:00:20"]
[BlackClock "0:00:20"]

1. e4 e5 2. Nf3 Qe7 3. Nc3 c6 4. Bc4 d6 5. d4 Nd7 6. O-O h6 7. a4 g6 8. a5 Bg7 9. dxe5 Nxe5 10. Nxe5 dxe5 11. b3 Be6 12. Ba3 Qd7 13. Bxe6 Qxe6 14. a6 b5 15. Qe2 Ne7 16. Rad1 O-O 17. Rd6 Qc8 18. Bc5 Rd8 19. Rfd1 Rxd6 20. Bxd6 Qe6 21. Bc5 Bf8 22. Na2 Qc8 23. Nb4 Qe8 24. Qe3 Rd8 25. Ra1 Nc8 26. Bxf8 Qxf8 27. Nxc6 Rd7 28. Nxe5 Qa3 29. Re1 Re7 30. Ng4 h5 31. Nf6+ Kg7 32. Nd5 Re6 33. Qc3+ Kh7 34. Qxc8 Qa5 35. Kf1 Qd2 36. Qc3 Qg5 37. g3 h4 38. e5 h3 39. Nf6+ Kh6 40. Qe3 Rxa6 41. Ng8+ Kh5 42. g4+ Qxg4 43. Qh6# 1-0


[Site "https://www.chess.com"]

[Event "Titled Tuesday Blitz August 3 2021"]
[White "FGHSMN"]
[Black "Assaubayeva, Bibisara"]
[BlackFideId "13708694"]
[WhiteElo "2545"]
[BlackElo "2232"]
[Result "1-0"]
[Round "10"]
[TimeControl "180+1"]
[Date "2021.08.03"]
[WhiteClock "0:00:37"]
[BlackClock "0:00:07"]

1. e4 c5 2. Nc3 d6 3. d4 cxd4 4. Qxd4 Nc6 5. Qd2 g6 6. b3 Bh6 7. f4 f5 8. exf5 Bxf5 9. Bd3 Nf6 10. Bxf5 gxf5 11. Bb2 Qa5 12. O-O-O O-O-O 13. Nge2 d5 14. Qd3 e6 15. Kb1 Rhg8 16. g3 Ne4 17. Rhf1 Kb8 18. Qb5 Qc7 19. Nxe4 fxe4 20. f5 a6 21. Qc5 Bf8 22. Qf2 exf5 23. Qxf5 Nb4 24. Nd4 Bg7 25. Qf2 Rgf8 26. Qe2 Bxd4 27. Bxd4 Nc6 28. Bb2 Rxf1 29. Rxf1 Qe7 30. Rf4 Re8 31. Qe3 Qd6 32. Rf6 d4 33. Qxe4 Rxe4 34. Rxd6 Re1+ 35. Bc1 Rh1 36. Rh6 Ne5 37. Rxh7 d3 38. Kb2 dxc2 39. Kxc2 Nf3 40. Bf4+ Kc8 41. Rc7+ Kd8 42. Rxb7 Rxh2+ 43. Kb1 Rxa2 44. Kxa2 1-0


[Site "https://www.chess.com"]

[Event "Titled Tuesday Blitz August 3 2021"]
[White "Firat, Burak"]
[Black "Miszler, Levente"]
[WhiteFideId "6305881"]
[BlackFideId "763276"]
[WhiteElo "2531"]
[BlackElo "1967"]
[Result "1-0"]
[Round "10"]
[TimeControl "180+1"]
[Date "2021.08.03"]
[WhiteClock "0:00:33"]
[BlackClock "0:00:04"]

1. g4 g5 2. Bg2 Bg7 3. d4 d5 4. c4 c6 5. h3 h6 6. Nf3 Nf6 7. Nc3 Ne4 8. Qc2 Nxc3 9. bxc3 dxc4 10. Rb1 Nd7 11. h4 gxh4 12. Rxh4 Nf6 13. Ne5 Be6 14. Rxb7 Qd6 15. Bxc6+ Kf8 16. Qa4 Bd5 17. Ba3 Bxc6 18. Nxc6 Qf4 19. Rxe7 Kg8 20. Qxc4 Ne4 21. Rh2 Rf8 22. Rxe4 Qxe4 23. Bxf8 Qb1+ 24. Kd2 Qb2+ 25. Ke3 Bxf8 26. Ne5 Rh7 27. Kf3 Rg7 28. Rh1 Qb7+ 29. Qc6 Qe7 30. Qxh6 f6 31. Qh8# 1-0


[Site "https://www.chess.com"]

[Event "Titled Tuesday Blitz August 3 2021"]
[White "Gerzhoy, Leonid"]
[Black "Xie, Bryan"]
[WhiteFideId "2806126"]
[BlackFideId "30941296"]
[WhiteElo "2509"]
[BlackElo "1899"]
[Result "1/2-1/2"]
[Round "10"]
[TimeControl "180+1"]
[Date "2021.08.03"]
[WhiteClock "0:00:35"]
[BlackClock "0:00:52"]

1. d4 Nf6 2. Nf3 e6 3. e3 b6 4. Bd3 Bb7 5. O-O Be7 6. c4 O-O 7. Nc3 d5 8. b3 Nbd7 9. Bb2 c5 10. Rc1 cxd4 11. exd4 Rc8 12. Qe2 Re8 13. cxd5 Nxd5 14. Nxd5 Bxd5 15. Ne5 Nxe5 16. dxe5 Bg5 17. f4 Rxc1 18. Bxc1 Be7 19. f5 Bg5 20. f6 Bxc1 21. Rxc1 gxf6 22. Qg4+ Kh8 23. Bxh7 Kxh7 24. Rc3 Bxg2 25. Qh4+ Kg8 26. Rg3+ Kf8 27. exf6 Qd1+ 28. Kxg2 Qe2+ 29. Kg1 Qe1+ 30. Kg2 Qe2+ 31. Kg1 Qe1+ 32. Kg2 Qe2+ 1/2-1/2


[Site "https://www.chess.com"]

[Event "Titled Tuesday Blitz August 3 2021"]
[White "Golubev, Mikhail"]
[Black "Moon_stone123"]
[WhiteFideId "14100983"]
[WhiteElo "2374"]
[BlackElo "2432"]
[Result "1/2-1/2"]
[Round "10"]
[TimeControl "180+1"]
[Date "2021.08.03"]
[WhiteClock "0:00:07"]
[BlackClock "0:00:03"]

1. e4 c6 2. d4 d5 3. e5 Bf5 4. h4 h5 5. c4 e6 6. Nc3 Nd7 7. Nge2 Ne7 8. Ng3 Bg6 9. cxd5 exd5 10. Be2 Nf5 11. Nxf5 Bxf5 12. Bxh5 g6 13. Bg5 Be7 14. Bxe7 Qxe7 15. Be2 Rxh4 16. Rxh4 Qxh4 17. Qd2 O-O-O 18. g3 Qh2 19. Rc1 Kb8 20. Nd1 f6 21. Qf4 fxe5 22. dxe5 Be6 23. Kd2 Qh8 24. Ne3 Nxe5 25. Rh1 Qg7 26. Rh7 Qxh7 27. Qxe5+ Qc7 28. Qxe6 Qa5+ 29. Kc2 Qxa2 30. Qxg6 Qa4+ 31. Kc1 d4 32. Nc4 Qa1+ 33. Qb1 Qxb1+ 34. Kxb1 d3 35. Bd1 b5 36. Ne5 Kc7 37. Kc1 c5 38. Kd2 c4 39. b3 cxb3 40. Bxb3 a5 41. g4 a4 42. Bf7 b4 43. g5 b3 44. Nc4 Kd7 45. g6 Ke7 46. Na3 Kf6 47. Nb1 Rc8 48. Kxd3 Rc1 49. Nc3 b2 50. Ba2 Ra1 51. Bb1 a3 52. Bc2 a2 53. Nxa2 Rxa2 54. Kc3 Kg7 55. Kb3 Ra1 56. Kxb2 Rf1 57. Kb3 Rxf2 58. Kc3 Rxc2+ 59. Kxc2 Kxg6 1/2-1/2


[Site "https://www.chess.com"]

[Event "Titled Tuesday Blitz August 3 2021"]
[White "Gontcharov, Vladislav"]
[Black "Maly, Alexey"]
[WhiteFideId "4123492"]
[BlackFideId "14103184"]
[WhiteElo "2503"]
[BlackElo "2285"]
[Result "0-1"]
[Round "10"]
[TimeControl "180+1"]
[Date "2021.08.03"]
[WhiteClock "0:00:21"]
[BlackClock "0:01:09"]

1. e4 c6 2. d4 d5 3. e5 Bf5 4. Nf3 e6 5. Be2 Nd7 6. O-O h6 7. Nbd2 Ne7 8. c4 dxc4 9. Nxc4 Nd5 10. b3 Nc3 11. Qd2 Nxe2+ 12. Qxe2 Be7 13. h3 O-O 14. Bf4 Nb6 15. Rad1 Nd5 16. Bd2 a5 17. Nd6 Bxd6 18. exd6 Qxd6 19. Ne5 a4 20. Qf3 axb3 21. axb3 Qe7 22. Qg3 Kh8 23. Bc1 Ra2 24. Rde1 Rfa8 25. Qf3 Rc2 26. g4 Bg6 27. Nxg6+ fxg6 28. Qe4 Rc3 29. Qxg6 Rxh3 30. Kg2 Qh4 31. Rh1 Rf8 32. f4 Qg3+ 0-1


[Site "https://www.chess.com"]

[Event "Titled Tuesday Blitz August 3 2021"]
[White "Grinblat, Dmitry"]
[Black "Politov, Pavel Y."]
[WhiteFideId "4163257"]
[BlackFideId "24110515"]
[WhiteElo "2466"]
[BlackElo "2090"]
[Result "1-0"]
[Round "10"]
[TimeControl "180+1"]
[Date "2021.08.03"]
[WhiteClock "0:00:50"]
[BlackClock "0:00:05"]

1. d4 Nf6 2. Nf3 g6 3. g3 Bg7 4. Bg2 d6 5. O-O O-O 6. c4 Nc6 7. Nc3 a6 8. Re1 Rb8 9. Rb1 Bd7 10. h3 b5 11. cxb5 axb5 12. b4 Re8 13. d5 Ne5 14. Nxe5 dxe5 15. Bb2 e6 16. e4 exd5 17. Nxd5 Nxd5 18. exd5 Qe7 19. Qb3 Rbd8 20. Rbc1 Bf5 21. Rc5 Rb8 22. g4 Bc8 23. f4 Qh4 24. Rcc1 Bxg4 25. hxg4 Qxg4 26. fxe5 Bh6 27. Rxc7 Bf4 28. Qh3 Qg5 29. e6 Bxc7 30. exf7+ Kxf7 31. Qxh7+ Kf8 32. Qg7# 1-0


[Site "https://www.chess.com"]

[Event "Titled Tuesday Blitz August 3 2021"]
[White "Gunina, Valentina"]
[Black "Ulko, Jaroslav"]
[WhiteFideId "4167570"]
[BlackFideId "4116658"]
[WhiteElo "2399"]
[BlackElo "2304"]
[Result "0-1"]
[Round "10"]
[TimeControl "180+1"]
[Date "2021.08.03"]
[WhiteClock "0:00:06"]
[BlackClock "0:00:37"]

1. d4 Nf6 2. c4 g6 3. Nc3 Bg7 4. e4 d6 5. Nf3 O-O 6. Be2 e5 7. O-O Nc6 8. Be3 Ng4 9. Bg5 f6 10. Bh4 g5 11. Bg3 Nh6 12. d5 Ne7 13. Nd2 f5 14. exf5 Bxf5 15. Nde4 Ng6 16. h3 Nf4 17. Bg4 Nxg4 18. hxg4 Bg6 19. f3 h5 20. Bxf4 exf4 21. gxh5 Bxh5 22. Qd2 g4 23. fxg4 Bxg4 24. Rxf4 Rxf4 25. Qxf4 Qh4 26. Qf2 Qh8 27. Qg3 Bd4+ 28. Nf2 Qg7 29. Rf1 Rf8 30. Nb5 Bb6 31. b4 Be2 32. Qxg7+ Kxg7 33. Rc1 Bxf2+ 34. Kh2 Rh8# 0-1


[Site "https://www.chess.com"]

[Event "Titled Tuesday Blitz August 3 2021"]
[White "Hryshchenko, Kamila"]
[Black "Hoffmann, Asa"]
[WhiteFideId "14147491"]
[BlackFideId "2001470"]
[WhiteElo "1966"]
[BlackElo "2117"]
[Result "1-0"]
[Round "10"]
[TimeControl "180+1"]
[Date "2021.08.03"]
[WhiteClock "0:00:56"]
[BlackClock "0:00:38"]

1. e4 d6 2. d4 Nf6 3. Nc3 c6 4. f4 Qa5 5. Bd3 e5 6. Bd2 exd4 7. Nce2 Qb6 8. Nf3 c5 9. e5 Nd5 10. O-O Nc6 11. Bc4 Nc7 12. exd6 Bxd6 13. Ng5 O-O 14. Ng3 Be6 15. Bd3 h6 16. N5e4 Rad8 17. Nxd6 Rxd6 18. f5 Bd5 19. f6 c4 20. Qg4 Ne6 21. Bf5 g6 22. Bxh6 Ne5 23. Qh3 Re8 24. Rae1 Nd7 25. Bxe6 Bxe6 26. Rxe6 Rdxe6 27. Bg7 1-0


[Site "https://www.chess.com"]